 Dungeon Crawl Stone Soup version 0.28.0-53-g5a82cb258f (webtiles) character file.

Game seed: 2832926566651544426

27 enile the Skirmisher (level 3, 0/30 HPs)
             Began as a Barachi Fighter on May 30, 2022.
             Was a Follower of Fedhas.
             Frozen to death by an endoplasm (3 damage)
             ... on level 1 of the Dungeon.
             The game lasted 00:01:11 (1158 turns).

enile the Skirmisher (Barachi Fighter)              Turns: 1158, Time: 00:01:12

Health: 0/30       AC:  7    Str: 19    XL:     3   Next: 10%
Magic:  3/3        EV:  9    Int:  8    God:    Fedhas [*.....]
Gold:   51         SH:  4    Dex: 11    Spells: 2/2 levels left

rFire   . . .      SeeInvis .   a - +0 long sword
rCold   . . .      Faith    .   c - +0 buckler
rNeg    . . .      Spirit   .   b - +0 scale mail
rPois   .          Reflect  .   (no helmet)
rElec   .          Harm     .   (no cloak)
rCorr   .          Rampage  .   (no gloves)
Will    .....                   (no boots)
Stlth   ..........              (no amulet)
HPRegen 0.10/turn               (no ring)
MPRegen 0.08/turn               (no ring)

@: unable to hop, invisible, slow
A: amphibious, slowness 1, strong legs 1, +LOS
a: Hop, Renounce Religion


You were on level 1 of the Dungeon.
You worshipped Fedhas.
Fedhas was aware of your devotion.
You visited 1 branch of the dungeon, and saw 1 of its levels.

You collected 51 gold pieces.

Inventory:

Hand Weapons
 a - a +0 long sword (weapon)
Missiles
 e - a throwing net
Armour
 b - a +0 scale mail (worn)
 c - a +0 buckler (worn)
Scrolls
 g - a scroll of amnesia {unknown}
Potions
 d - a potion of might
 h - a potion of flight {unknown}


   Skills:
 + Level 4.0 Fighting
 + Level 3.0 Long Blades
 + Level 4.0 Armour
 + Level 3.6 Shields


You had 2 spell levels left.
You didn't know any spells.
Your spell library was empty.

Dungeon Overview and Level Annotations

Branches:
Dungeon (1/15)

Altars:
Fedhas

Shops:
D:1 (


Innate Abilities, Weirdness & Mutations

You are amphibious.
You cover ground slowly.
You can hop short distances.
You have an extended range of vision and can be seen from far away.


Message History

The goblin is heavily wounded.
The goblin hits you but does no damage. The goblin closely misses you.
You closely miss the goblin.
The goblin is heavily wounded.
The goblin hits you with a +3 dagger of electrocution.
You closely miss the goblin.
The goblin is heavily wounded.
The goblin barely misses you.
You closely miss the goblin.
The goblin is heavily wounded.
The goblin hits you but does no damage.
You are electrocuted!
* * * LOW HITPOINT WARNING * * *
The goblin hits you but does no damage.
You are too injured to fight recklessly!
Hop to where?
Press: ? - help, Dir - move target Boing!
You aren't carrying any items that you can evoke.
Okay, then.
It was a potion of invisibility.
You fade into invisibility!
The goblin hits you with a +3 dagger of electrocution.
* * * LOW HITPOINT WARNING * * *
You closely miss the goblin.
The goblin is heavily wounded.
The goblin hits you but does no damage.
You slash the goblin!
You kill the goblin!
Fedhas appreciates your contribution to the ecosystem.
The endoplasm completely misses you.
You barely miss the endoplasm.
The endoplasm hits you but does no damage.
You hit the endoplasm but do no damage.
The endoplasm hits you but does no damage.
You hit the endoplasm but do no damage. The endoplasm freezes you.
* * * LOW HITPOINT WARNING * * *
The endoplasm freezes you.
You die...
Fedhas appreciates your contribution to the ecosystem.

###......#..........)
#......#...........
#.>....+...........
#......#.....####..
#......#.....# #..
##'#####.....# #.. #.#
####### ### #.#
#@######.# #.J......#
#########################
#........................
#........................
#.................#####..
#.................#...#..
#...........#######.8.#..
#..♣.♣.♣.♣..#.........#..


You could see an endoplasm.

Vanquished Creatures
  3 ball pythons (D:1)
  4 endoplasms (D:1)
  2 goblins (D:1)
  3 hobgoblins (D:1)
  3 jackals (D:1)
  A quokka (D:1)
  3 bats (D:1)
  A frilled lizard (D:1)
  2 kobolds (D:1)
  3 rats (D:1)
25 creatures vanquished.

Notes
Turn   | Place    | Note
-------+----------+-------------------------------------------
     0 | D:1      | enile the Barachi Fighter began the quest for the Orb.
     0 | D:1      | Reached XP level 1. HP: 18/18 MP: 1/1
    65 | D:1      | Found Coawoi's Antique Weapon Shop.
    93 | D:1      | Found a faded altar of an unknown god.
   246 | D:1      | Prayed at the altar of an unknown god.
   246 | D:1      | Became a worshipper of Fedhas Madash
   246 | D:1      | Reached * piety under Fedhas
   410 | D:1      | Reached XP level 2. HP: 25/25 MP: 2/2
   987 | D:1      | Reached XP level 3. HP: 19/30 MP: 3/3
  1158 | D:1      | Frozen to death by an endoplasm

Illustrated notes

Levels and vault maps discovered:
D:1:      wander_arrival_estate, layout_basic, basic_ecumenical_altar,
          serial_shops, nicolae_diamond_shop

Skill      XL: |  1  2 |
---------------+-------+-----
Fighting       | 4 |  4.0
Long Blades    | 3 |  3.0
Armour         | 4 |  4.0
Shields        | |  3.6

Action                   || total
-------------------------++-------
Melee: Long sword        ||    80
 Abil: Hop               ||     1
  Use: Potion            ||     1
Armor: Scale mail        ||    44
Dodge: Dodged            ||    32
Block: Buckler           ||     7
